 Dungeon Sprint DCSS version 0.31-a0-848-gaac375c287 (webtiles) character file.

Game seed: 8679522813794349169

3481 sircluck the Grappler (level 9, -12/105 HPs)
             Began as a Troll Berserker on Oct 3, 2023.
             Was an Elder of Trog.
             Succumbed to a death drake's dark miasma
             ... in the Dungeon (Sprint II: "The Violet Keep of Menkaure") on Oct 4, 2023.
             The game lasted 00:04:03 (465 turns).

sircluck the Grappler (Troll Berserker)              Turns: 465, Time: 00:04:04

Health: -12/105    AC:  4    Str: 31    XL:     9   Next: 79%
Magic:  8/8        EV: 13    Int:  3    God:    Trog [****..]
Gold:   1130       SH:  0    Dex:  9    Spells: 8/8 levels left

rFire   . .          .
                       - Unarmed
rCold   . . .        (no shield)
rNeg    . . .        a - +0 animal skin
rPois   .            (helmet restricted)
rElec   .            (no cloak)
rCorr   .            (gloves unavailable)
SInv    .            (boots unavailable)
Will    .....        (no amulet)
Stlth   +            (no ring)
HPRegen 1.17/turn    (no ring)
MPRegen 0.11/turn

%: no teleportation
@: confused, lethally poisoned (-12 -> -75), slowed, very slow
A: large, unfitting armour, claws 3, regeneration 1, shaggy fur 1, tough skin 1
a: Renounce Religion, Berserk, Trog's Hand, Brothers in Arms


You were in the Dungeon.
You worshipped Trog.
Trog was greatly pleased with you.
You visited 1 branch You collected 1227 gold pieces.
You spent 97 gold pieces at shops.

Inventory:

Armour
 a - a +0 animal skin (worn)
Scrolls
 g - a scroll of blinking
 h - a scroll of fear {unknown}
 i - a scroll of identify {unknown}
Potions
 d - a potion of haste
 e - 2 potions of magic
 f - a potion of berserk rage


   Skills:
 + Level 11.6 Fighting
 + Level 11.4 Dodging
 + Level 13.5 Unarmed Combat


You had 8 spell levels left.
You didn't know any spells.
Your spell library was empty.

Dungeon Overview and Level Annotations

Branches:
Dungeon (1/1)

Altars:
Cheibriados
Dithmenos
Elyvilon
Fedhas
Gozag
Hepliaklqana
Kikubaaqudgha
Makhleb
Nemelex Xobeh
Okawaru
Ru
Sif Muna
Trog
Uskayaw
Jiyva
Lugonu

Shops:
D :??([[:?=[=!*!(

Annotations:
D exclusions: obsidian statue and oklob plant


Innate Abilities, Weirdness & Mutations

You are too large for most types of armour.
You have claws for hands.
Your natural rate of healing is unusually fast.
You are covered in fur. (AC +1)
You have tough skin. (AC +1)


Message History

Your ogre appears confused.
The death drake bites you!
A death drake comes into view.
You are engulfed in noxious fumes.
You choke on the stench!
You are more confused.
You feel sick.
The death drake hisses angrily.
The death drake bites you.
Your ogre is engulfed in noxious fumes.
Your ogre closely misses you.
The death drake breathes miasma at you. The foul vapour engulfs you!
You are more poisoned.
You feel yourself slow down.
* * * LOW HITPOINT WARNING * * *
Okay, then.
Unknown command.
Unknown command.
You feel much better.
You feel extremely sick.
Your ogre barely misses you.
The death drake breathes miasma at you. The foul vapour engulfs you!
You are more poisoned.
* * * LOW HITPOINT WARNING * * *
The death drake breathes miasma at you. The foul vapour engulfs you!!
You are lethally poisoned!
You feel as though you will be slow longer.
* * * LOW HITPOINT WARNING * * *
Your ogre is engulfed in dark miasma.
Your ogre looks even sicker.
Your ogre seems to slow down.
Your ogre closely misses you.
Unknown command.
Unknown command.
Unknown command.
Unknown command.
You are engulfed in dark miasma.
You are more poisoned.
* * * LOW HITPOINT WARNING * * *
You die...

≈§°≈≈≈§##≈...###,*,,,************
≈≈§≈≈~*#e≈.....#**,,,*~~~~~~~~***
++#+++#####†...#,##,,************
.......#..†)^..#,.#,,*,,,,,,,,**,
##+##..#..####.#kk#%,*,,,,,,,,**,
#..###.####[.'.##k#=)*,,,,,,,,**,
..##.#....#..#°°k####*,,,,,,,,**,
#.#.####..#####☼°##c#*,,,,,,,,**,
##'###.##..#.°O°@#hy#*,,,,,,,,**,
##.###..#..#.°#.°#hh#*,,,,,,,,**,
†.<.†.##'..####.^##.#*,,,,,,,,**,
##.###..#÷...###...##▓▓*****+****
##'###.##......~~~~~~~~~~~~~,,,~~
#.#.####~~.....~#+######**+***,~~
.###.#~~~~§~~..~#....._.,*~~~**~~
#.#.##~~§~~~§§§~#...._._,*~~~~***
##†##~~~§≈§~~~§~#..._._._*~~~~~**


You could see 2 death drakes, a swamp drake (catching breath) and a friendly
ogre (summoned, berserk, confused, very poisoned, slow).

Vanquished Creatures
  A great orb of eyes (D)
  2 boulder beetles (D)
  2 cane toads (D)
  3 yaks (D)
  2 wyverns (D)
  Menkaure (D)
  A water moccasin (D)
  4 scorpions (D)
  A hell rat (D)
  3 worms (D)
20 creatures vanquished.

Notes
Turn   | Place    | Note
-------+----------+-------------------------------------------
     0 | D        | sircluck the Troll Berserker began the quest for the Orb.
     0 | D        | Reached XP level 1. HP: 22/22 MP: 0/0
     1 | D        | Noticed a scorpion
     1 | D        | Noticed a scorpion
     8 | D        | Killed a scorpion
     9 | D        | Reached skill level 5 in Unarmed Combat
     9 | D        | Reached XP level 2. HP: 33/33 MP: 1/1
     9 | D        | Reached XP level 3. HP: 40/40 MP: 2/2
     9 | D        | Killed a scorpion
    10 | D        | Reached skill level 5 in Fighting
    10 | D        | Reached skill level 5 in Dodging
    10 | D        | Reached skill level 6 in Unarmed Combat
    10 | D        | Reached XP level 4. HP: 50/50 MP: 3/3
    11 | D        | Noticed a scorpion
    11 | D        | Noticed a scorpion
    16 | D        | Killed a scorpion
    16 | D        | Reached ** piety under Trog
    17 | D        | Reached skill level 7 in Unarmed Combat
    17 | D        | Reached XP level 5. HP: 59/59 MP: 4/4
    24 | D        | Noticed a water moccasin
    33 | D        | Killed a water moccasin
    34 | D        | Reached skill level 8 in Unarmed Combat
    34 | D        | Reached XP level 6. HP: 34/68 MP: 5/5
    40 | D        | Noticed Menkaure
    41 | D        | Noticed an obsidian statue
    45 | D        | Killed Menkaure
    97 | D        | Found Zivo's General Store.
    97 | D        | Found Diuffuj's Distillery.
    98 | D        | Found Esooblov's Jewellery Shop.
    98 | D        | Found Keofel's Distillery.
    99 | D        | Found Izyucuoqoja's Book Boutique.
    99 | D        | Found Hutahim's Magic Scroll Shop.
    99 | D        | Found Atim's Jewellery Boutique.
    99 | D        | Found Zyidit's Antique Armour Shop.
   100 | D        | Found Ceil's Antique Weapon Boutique.
   100 | D        | Found Witruopon's Antique Armour Shop.
   100 | D        | Found Rogadgh's Antique Armour Boutique.
   101 | D        | Found Kusil's Magic Scroll Boutique.
   101 | D        | Found Vade's Magic Scroll Shop.
   101 | D        | Found Rieczem's Antique Weapon Shop.
   104 | D        | Noticed a polar bear
   104 | D        | Noticed a polar bear
   106 | D        | Noticed a death yak
   110 | D        | Noticed a boulder beetle
   110 | D        | Noticed a boulder beetle
   126 | D        | Noticed a wyvern
   126 | D        | Noticed a wyvern
   127 | D        | Killed a wyvern
   127 | D        | Reached *** piety under Trog
   128 | D        | Reached skill level 9 in Unarmed Combat
   128 | D        | Reached XP level 7. HP: 79/79 MP: 6/6
   129 | D        | Killed a wyvern
   154 | D        | Reached **** piety under Trog
   155 | D        | Reached skill level 10 in Unarmed Combat
   186 | D        | Killed a boulder beetle
   187 | D        | Reached skill level 11 in Unarmed Combat
   187 | D        | Reached XP level 8. HP: 92/92 MP: 7/7
   189 | D        | Killed a boulder beetle
   190 | D        | Reached skill level 10 in Fighting
   190 | D        | Reached skill level 10 in Dodging
   190 | D        | Reached skill level 12 in Unarmed Combat
   199 | D        | Noticed an oklob plant
   200 | D        | Found Deustre's Book Shoppe.
   220 | D        | Noticed a shining eye
   220 | D        | Noticed a shining eye
   224 | D        | Bought a scroll of revelation for 97 gold pieces
   279 | D        | Found an opulent altar of Gozag.
   279 | D        | Found an iron altar of Okawaru.
   281 | D        | Found a blossoming altar of Fedhas.
   281 | D        | Found a sparkling altar of Nemelex Xobeh.
   282 | D        | Found a white marble altar of Elyvilon.
   282 | D        | Found a burning altar of Makhleb.
   284 | D        | Noticed a cane toad
   284 | D        | Noticed a cane toad
   284 | D        | Noticed a yaktaur
   284 | D        | Noticed a great orb of eyes
   284 | D        | Noticed a polar bear
   284 | D        | Noticed a hornet
   284 | D        | Noticed a polar bear
   284 | D        | Noticed a polar bear
   285 | D        | Found a shadowy altar of Dithmenos.
   285 | D        | Found a corrupted altar of Lugonu.
   286 | D        | Found a snail-covered altar of Cheibriados.
   286 | D        | Found an ancient bone altar of Kikubaaqudgha.
   286 | D        | Found a bloodstained altar of Trog.
   286 | D        | Found a hide-covered altar of Uskayaw.
   287 | D        | Found a viscous altar of Jiyva.
   287 | D        | Found a shimmering blue altar of Sif Muna.
   288 | D        | Found a hazy altar of Hepliaklqana.
   288 | D        | Found a sacrificial altar of Ru.
   297 | D        | Killed a great orb of eyes
   298 | D        | Reached XP level 9. HP: 86/102 MP: 4/8
   298 | D        | Upgraded the game from 0.31-a0-846-gb3bcc0d938 to
                  | 0.31-a0-848-gaac375c287
   318 | D        | Killed a cane toad
   318 | D        | Reached ***** piety under Trog
   319 | D        | Reached skill level 13 in Unarmed Combat
   322 | D        | Killed a cane toad
   382 | D        | Noticed a deep elf master archer
   414 | D        | Received a gift from Trog
   453 | D        | Noticed a death drake
   463 | D        | Noticed a death drake
   465 | D        | Succumbed to a death drake's dark miasma

Illustrated notes

Levels and vault maps discovered:
D:        the_violet_keep_of_menkaure [sprint2_stairs_cluster_1,
          sprint2_shoproom, sprint2_temple, sprint2_basic_supplies,
          sprint2_obstacle_5, sprint2_obstacle_2, sprint2_obstacle_3,
          sprint2_obstacle_6, sprint2_obstacle_7, sprint2_timed_cluster_1,
          sprint2_smallroom_cluster_1, sprint2_smallroom_final_cluster_1,
          sprint2_transparent_cluster_1, sprint2_second_timed_cluster_1,
          sprint2_sniper_area_1, sprint2_heavy_combat_area_1,
          sprint2_mutation_trap_area_1, sprint2_forest_area_1,
          sprint2_light_combat_area_1, sprint2_behind_water_1,
          sprint2_near_end_vault_1]

Skill      XL: |  1  2  3  4  5  6  7  8  9 |
---------------+----------------------------+-----
Fighting       | 4 5 6 7 9 10 11 | 11.6
Dodging        | 4 5 6 7 9 10 11 | 11.4
Unarmed Combat | 5 6 7 8 9 11 12 13 | 13.5

Action                     |  1- 3 |  4- 6 |  7- 9 || total
---------------------------+-------+-------+-------++-------
  Melee: Unarmed           |     7 |    21 |    47 ||    75
         Punch             |       |       |     5 ||     5
 Invoke: Berserk           |     1 |       |     1 ||     2
         Brothers in Arms  |       |       |     1 ||     1
    Use: Scroll            |       |       |     1 ||     1
         Potion            |       |       |     2 ||     2
 Armour: Animal skin       |     2 |    13 |    24 ||    39
  Dodge: Dodged            |     2 |    11 |    18 ||    31

Table legend: (Time is in decaauts)
 A = Elapsed time spent in this place.
 B = Non-inter-level travel time spent in this place.
 C = Inter-level travel time spent in this place.
 D = Time resting spent in this place.
 E = Time spent auto-exploring this place.
 F = Levels seen in this place.
 G = Mean time per level.
                   A        B        C        D        E       F      G
               +--------+--------+--------+--------+--------+-----+--------+
         Total |    466 |    461 |      5 |    145 |     32 |   1 |  466.0 |
       Dungeon |    466 |    461 |      5 |    145 |     32 |   1 |  466.0 |
               +--------+--------+--------+--------+--------+-----+--------+

Top non-repeatable levels by time:
       D: 466 daAuts
